 Dungeon Crawl Stone Soup version 0.25-b1-37-g2669288c55 (webtiles) character file.

Game seed: 13879809497494880850

1045 Acheron the Covert (level 8, -1/52 HPs)
             Began as an Octopode Assassin on June 5, 2020.
             Was a Follower of Nemelex Xobeh.
             Slain by a wight
             ... wielding a +3 flail
              (9 damage)
             ... on level 6 of the Dungeon.
             The game lasted 00:32:31 (4954 turns).

Acheron the Covert (Octopode Assassin)              Turns: 4954, Time: 00:32:31

Health: -1/52      AC:  1    Str: 10    XL:     8   Next: 25%
Magic:  11/11      EV: 14    Int: 19    God:    Nemelex Xobeh [*.....]
Gold:   203        SH:  0    Dex: 16    Spells: 11/11 levels left

rFire    . . .     SeeInvis .   a - +2 dagger
rCold    . . .     Gourm    .   (no shield)
rNeg     . . .     Faith    .   (helmet restricted)
rPois    .         Spirit   .   (no amulet)
rElec    .         Reflect  .   z - +6 ring of intelligence
rCorr    .         Harm     .   (no ring)
MR       .....                  (no ring)
Stlth    +++++.....             (no ring)
HPRegen  0.17/turn              (no ring)
MPRegen  0.12/turn              (no ring)
                                (no ring)
                                (no ring)

@: very slightly contaminated
A: almost no armour, stealthy swim, amphibious, 8 rings, constrict 8, camouflage
1, gelatinous body 1
a: Draw Escape, Draw Destruction, Draw Summoning, Renounce Religion


You were on level 6 of the Dungeon.
You worshipped Nemelex Xobeh.
Nemelex Xobeh was aware of your devotion.
You were not hungry.

You visited 1 branch of the dungeon, and saw 7 of its levels.

You collected 203 gold pieces.

Inventory:

Hand Weapons
 a - a +2 dagger (weapon)
 q - a +3 quarterstaff of chaos
 s - a +0 halberd
 t - a +1 war axe
Missiles
 b - 18 poisoned darts (quivered)
 c - 2 curare-tipped darts
 o - 18 sling bullets
 r - 5 boomerangs
Jewellery
 z - a +6 ring of intelligence (left tentacle)
Wands
 w - a wand of iceblast (10)
 x - a wand of random effects (13)
Scrolls
 f - 5 scrolls of identify
 k - 2 scrolls of remove curse
 m - a scroll of teleportation
Potions
 e - a potion of berserk rage {unknown}
 g - 2 potions of curing
 i - a potion of might {unknown}
 n - 2 potions of brilliance
 p - a potion of heal wounds
 v - a potion of ambrosia {unknown}
Comestibles
 d - 6 rations


   Skills:
 * Level 3.2 Fighting
 * Level 4.2 Short Blades
 * Level 1.9 Axes
 * Level 3.2 Throwing
 * Level 3.0 Dodging
 * Level 9.7 Stealth
 * Level 2.0 Spellcasting
 * Level 1.9 Invocations


You had 11 spell levels left.
You didn't know any spells.
Your spell library contained the following spells:

 Spells                   Type           Power        Failure   Level  Hunger
 Freeze                   Ice            #...         17%         1    #......
 Frozen Ramparts          Ice            #.....       45%         3    ###....
 Ozocubu's Armour         Chrm/Ice       #.......     45%         3    ###....
 Hailstorm                Conj/Ice       #.......     86%         4    #####..
 Summon Ice Beast         Ice/Summ       #.......     86%         4    #####..


Dungeon Overview and Level Annotations

Branches:
Dungeon (7/15)             Temple (0/1) D:6

Altars:
Nemelex Xobeh
Trog
Zin

Shops:
D:5 !   D:7 *

Annotations:
D:2 Terence
D:4 exclusion: downstairs, Dowan, Duvessa
D:5 Menkaure
D:6 exclusion: upstairs


Innate Abilities, Weirdness & Mutations

You cannot wear most types of armour.
You are very stealthy in the water. (Stealth+)
You are amphibious.
You can wear up to eight rings at the same time.
You can use your tentacles to constrict eight enemies at once.
Your skin changes colour to match your surroundings (Stealth+).
Your rubbery body absorbs attacks. (AC +1, EV +1)


Message History

You hit the ice beast but do no damage. The ice beast hits you.
The ice beast freezes you!
* * * LOW HITPOINT WARNING * * *
You hit the ice beast. Your squeeze misses the ice beast.
The ice beast is lightly wounded.
The ice beast hits you but does no damage.
Blink to where?
Press: ? - help, Dir - move target cursor You are very lightly contaminated with residual magic.
As you read the scroll of blinking, it crumbles to dust.
You hear the quick hiss of a very distant avalanche of sand.
There is a stone staircase leading up here.
You climb upwards.
Level annotation: exclusion: upstairs The wight hits you with a +3 flail!
* * * LOW HITPOINT WARNING * * *
There is a stone staircase leading down here.
The wight hits you with a +3 flail!
You die...
Your body disappears without a glow.

..... ..... ... ... #.# .# #.#
##.# ####.####...[ #.@>.z..##..
## #>...z..#.##.# .# ##
#.#######.##.##.## .## ..
###.........#### ..## .(.
#............... ...########.#z#
#.#..⌠...⌠..#### ...†.##.......#
#.#.........#...
...#.##.###......z......>........
..##.##.###..####..#.........#...


You could see 2 wights.

Vanquished Creatures
  A sky beast (D:6)
  An ice beast (D:7)
  An ogre (D:4)
  A bullfrog (D:5)
  3 killer bees (D:7)
  An orc priest (D:5)
  A hound (D:4)
  Crazy Yiuf (D:5)
  Natasha (D:2)
  2 orc wizards
  4 worker ants
  A hound skeleton (D:5)
  3 adders
  3 gnolls
  An ooze (D:1)
  A worm (D:3)
  2 dart slugs (D:2)
  2 leopard geckos
  17 orcs
  9 bats
  5 giant cockroaches
  6 goblins
  7 hobgoblins
  11 jackals
  4 quokkas
  3 ball pythons
  A frilled lizard (D:3)
  3 kobolds (D:1)
  A quokka skeleton (D:4)
  3 rats
100 creatures vanquished.

Vanquished Creatures (collateral kills)
  An ice beast (D:6)
  A sky beast (D:6)
  A scorpion (D:6)
  A quasit (D:6)
  A hound skeleton (D:6)
5 creatures vanquished.

Grand Total: 105 creatures vanquished

Notes
Turn   | Place    | Note
-------+----------+-------------------------------------------
     0 | D:1      | Acheron the Octopode Assassin began the quest for the Orb.
     0 | D:1      | Reached XP level 1. HP: 14/14 MP: 1/1
   396 | D:1      | Reached XP level 2. HP: 19/19 MP: 2/2
   844 | D:1      | Reached XP level 3. HP: 23/24 MP: 3/3
   861 | D:1      | Reached skill level 6 in Stealth
  1074 | D:2      | Noticed Terence
  1086 | D:3      | Reached XP level 4. HP: 18/29 MP: 4/4
  1337 | D:4      | Noticed Duvessa
  1338 | D:4      | Noticed Dowan
  1357 | D:5      | Entered Level 5 of the Dungeon
  1458 | D:4      | Noticed an ogre
  1464 | D:4      | You fall into a shaft and drop 2 floors!
  1469 | D:5      | Noticed Menkaure
  1505 | D:6      | Noticed an orc warrior
  1509 | D:6      | Noticed a sky beast
  1587 | D:5      | Noticed a bullfrog
  1591 | D:5      | Killed a bullfrog
  1591 | D:5      | Reached skill level 7 in Stealth
  1591 | D:5      | Reached XP level 5. HP: 35/35 MP: 4/6
  1608 | D:5      | Found Oclairho's Distillery.
  1609 | D:5      | Noticed an ogre
  1856 | D:4      | Found a sparkling altar of Nemelex Xobeh.
  1865 | D:4      | Became a worshipper of Nemelex Xobeh the Trickster
  1922 | D:4      | Received a gift from Nemelex Xobeh
  2327 | D:3      | Reached XP level 6. HP: 41/41 MP: 7/7
  2348 | D:3      | Reached skill level 1 in Spellcasting
  2750 | D:3      | Reached skill level 8 in Stealth
  2991 | D:2      | Noticed Natasha
  2995 | D:2      | Killed Natasha
  3052 | D:2      | Reached * piety under Nemelex Xobeh
  3137 | D:2      | Found a bloodstained altar of Trog.
  3750 | D:4      | Reached skill level 1 in Axes
  3837 | D:5      | Reached skill level 1 in Invocations
  3837 | D:5      | Reached XP level 7. HP: 45/45 MP: 7/9
  3963 | D:5      | Found a runed translucent door.
  3964 | D:5      | Noticed Crazy Yiuf
  3971 | D:5      | Killed Crazy Yiuf
  4179 | D:6      | Received a gift from Nemelex Xobeh
  4363 | D:6      | Reached skill level 9 in Stealth
  4452 | D:6      | Found a staircase to the Ecumenical Temple.
  4519 | D:7      | Reached XP level 8. HP: 52/52 MP: 10/10
  4827 | D:7      | Found Zin's Purification Station.
  4828 | D:7      | Found a glowing silver altar of Zin.
  4954 | D:6      | Slain by a wight

Illustrated notes

Levels and vault maps discovered:
D:1:      heliophobic_arrival_ceremonial_halls, layout_basic, st_stairs_8,
          skrybe_limestone_x, grunt_decor_one_mirror
D:2:      layout_basic, nicolae_overflow_hidden_temple, uniq_terence,
          uniq_natasha
D:3:      layout_loops_ring, nicolae_overflow_crystal_walls, first_ration,
          cheibrodos_sewer_entry_drain
D:4:      layout_basic, nemelex_xobeh_ov_fountains_minmay,
          minmay_misc_feat_diagonals, uniq_duvessa
D:5:      layout_basic, serial_shops, nicolae_shop_statue_plus,
          uniq_crazy_yiuf_cottage, uniq_menkaure, uniq_sigmund
D:6:      layout_loops_cross, minmay_temple_entry_large_hall
D:7:      layout_basic, zin_purify, overflow_temple_1_default, enter_ossuary_1

Skill      XL: |  1  2  3  4  5  6  7  8 |
---------------+-------------------------+-----
Stealth        | 6 7 8 9 |  9.7
Dodging        | 2 3 |  3.0
Spellcasting   | 1 2 |  2.0
Short Blades   | 3 4 |  4.2
Axes           | 1 |  1.9
Invocations    | 1 |  1.9
Fighting       | 3 |  3.2
Throwing       | 3 |  3.2

Action                   |  1- 3 |  4- 6 |  7- 9 || total
-------------------------+-------+-------+-------++-------
Melee: Dagger            |    56 |    97 |    61 ||   214
       Constrict         |    14 |    24 |    14 ||    52
       Tentacles         |     7 |    22 |    12 ||    41
Throw: Dart              |       |     4 |       ||     4
Invok: Draw Escape       |       |     1 |       ||     1
       Draw Summoning    |       |       |     2 ||     2
  Use: Scroll            |       |     6 |     8 ||    14
 Stab: Sleeping          |    13 |    16 |     8 ||    37
  Eat: Chunk             |       |     7 |       ||     7
       Ration            |       |     1 |     1 ||     2
Armor: Skin              |     7 |     6 |     5 ||    18
Dodge: Dodged            |    33 |    62 |    32 ||   127
